 Dungeon Crawl Stone Soup version 0.24-a0-789-g35933f4 (webtiles) character file.

Game seed: 443373996297167686, levelgen mode: deterministic

116 snetch the Insei (level 5, 0/33 HPs)
             Began as an Octopode Transmuter on Oct 10, 2019.
             Was a Follower of Dithmenos.
             Killed by divine providence
             ... invoked by an orc priest
              (16 damage)
             ... on level 3 of the Dungeon.
             The game lasted 00:04:58 (1289 turns).

snetch the Insei (Octopode Transmuter)              Turns: 1289, Time: 00:04:59

Health: 0/33       AC:  1    Str:  9    XL:     5   Next: 1%
Magic:  8/8        EV: 14    Int: 15    God:    Dithmenos [*.....]
Gold:   112        SH:  0    Dex: 14    Spells: 4/8 levels left

rFire    . . .     SeeInvis .     - Unarmed
rCold    . . .     Gourm    .   (no shield)
rNeg     . . .     Faith    .   (helmet restricted)
rPois    .         Spirit   .   (no amulet)
rElec    .         Reflect  .   (no ring)
rCorr    .         Harm     .   (no ring)
MR       .....                  (no ring)
Stlth    ++++......             (no ring)
HPRegen  0.11/turn              (no ring)
MPRegen  0.11/turn              (no ring)
                                (no ring)
                                (no ring)

@: wreathed by umbra
A: almost no armour, stealthy swim, amphibious, 8 rings, constrict 8, camouflage
1, gelatinous body 1
a: Renounce Religion


You were on level 3 of the Dungeon.
You worshipped Dithmenos.
Dithmenos was aware of your devotion.
You were not hungry.

You visited 1 branch of the dungeon, and saw 3 of its levels.

You collected 112 gold pieces.

Inventory:

Missiles
 a - 22 arrows
 g - 8 boomerangs (quivered)
 h - 77 stones
Armour
 i - a +0 shield
Scrolls
 b - 2 scrolls of identify {unknown}
 e - 2 scrolls of remove curse {unknown}
Potions
 f - a potion of ambrosia {unknown}
 j - a potion of curing {unknown}
 k - a potion of brilliance {unknown}
 l - a potion of heal wounds {unknown}
Comestibles
 c - 3 rations
 d - 9 chunks of flesh


   Skills:
 + Level 1.3 Fighting
 + Level 2.4 Dodging
 * Level 2.9 Stealth
 + Level 4.0 Unarmed Combat
 + Level 2.4 Spellcasting
 + Level 2.5 Transmutations


You had 4 spell levels left.
You knew the following spells:

 Your Spells              Type           Power        Failure   Level  Hunger
a - Beastly Appendage     Tmut           #.....       8%          1    #......
b - Spider Form           Tmut/Pois      #.........   36%         3    ###....

Your spell library contained the following spells:

 Spells                   Type           Power        Failure   Level  Hunger
 Sticks to Snakes         Tmut           #.......     12%         2    ###....
 Ice Form                 Ice/Tmut       #.......     77%         4    #####..
 Blade Hands              Tmut           #.........   91%         5    ######.


Dungeon Overview and Level Annotations

Branches:
Dungeon (3/15)

Altars:
Dithmenos


Innate Abilities, Weirdness & Mutations

You cannot wear most types of armour.
You are very stealthy in the water. (Stealth+)
You are amphibious.
You can wear up to eight rings at the same time.
You can use your tentacles to constrict eight enemies at once.
Your skin changes colour to match your surroundings (Stealth+).
Your rubbery body absorbs attacks. (AC +1, EV +1)


Message History

You squeeze the orc wizard, but do no damage.
The orc wizard is severely wounded.
You constrict the orc wizard.
The orc wizard hits you with a +0 dagger.
You tentacle-slap the orc wizard.
You kill the orc wizard!
Dithmenos accepts your kill.
Your Unarmed Combat skill increases to level 4!
You tentacle-slap the orc but do no damage.
You grab the orc.
You hear the slow rusting of a drain nearby.
You constrict the orc. The orc closely misses you.
You tentacle-slap the orc. x2
You kill the orc!
Dithmenos accepts your kill.
You have reached level 5!
You feel agile.
The orc priest calls down the wrath of Beogh upon you.
Beogh smites you!
You die...

#.........#
#.#####.# #..#
#.........#
#.....#.# #..#
#.........#
#.###.#.# #..##
########### #.#
#<#.# #...#
#.#####.# #.#.##
#.......# #.#..#
############.##.###
#...........#.....
#@###########.....
#)# #...). #o#
#..... .o. #.....
... #..... .....
#..... ##+## #.....
#####+ ..


You could see an orc priest and an orc.

Vanquished Creatures
  An orc wizard (D:3)
  Jessica (D:2)
  An adder (D:3)
  2 worms
  An orc (D:3)
  3 giant cockroaches
  11 goblins
  5 hobgoblins (D:1)
  6 kobolds
  A quokka (D:3)
  3 ball pythons
  3 bats
  2 frilled lizards
  5 rats
45 creatures vanquished.

Notes
Turn   | Place    | Note
-------+----------+-------------------------------------------
     0 | D:1      | snetch the Octopode Transmuter began the quest for the Orb.
     0 | D:1      | Reached XP level 1. HP: 13/13 MP: 3/3
    55 | D:1      | Reached XP level 2. HP: 16/18 MP: 3/5
   274 | D:1      | Reached XP level 3. HP: 19/23 MP: 6/6
   347 | D:2      | Noticed Jessica
   355 | D:2      | Killed Jessica
   355 | D:2      | Reached skill level 1 in Stealth
   444 | D:1      | Learned a level 3 spell: Spider Form
   810 | D:2      | Reached XP level 4. HP: 28/28 MP: 7/7
  1115 | D:3      | Found a faded altar of an unknown god.
  1123 | D:3      | Became a worshipper of Dithmenos the Shadowed
  1123 | D:3      | Reached * piety under Dithmenos
  1287 | D:3      | Reached skill level 4 in Unarmed Combat
  1289 | D:3      | Reached XP level 5. HP: 16/33 MP: 8/8
  1289 | D:3      | Killed from afar by an orc priest

Levels and vault maps discovered:
D:1:      dpeg_arrival_windows_large_door, layout_basic
D:2:      minmay_chambers_of_ones, layout_basic, lemuel_statue_altar,
          uniq_jessica, uniq_robin
D:3:      layout_basic, lemuel_crystal_altar, chequers_ecumenical_altar_island,
          portal_sewer_entry_b, uniq_sigmund

Skill      XL: |  1  2  3  4 |
---------------+-------------+-----
Stealth        | 1 2 |  2.9
Unarmed Combat | 4 |  4.0
Fighting       | |  1.3
Dodging        | |  2.4
Spellcasting   | |  2.4
Transmutations | |  2.5

Action                   |  1- 3 |  4- 6 || total
-------------------------+-------+-------++-------
Melee: Unarmed           |    49 |    38 ||    87
       Constrict         |    16 |    13 ||    29
       Tentacles         |     7 |     7 ||    14
       Kick              |     3 |       ||     3
       Punch             |     1 |     2 ||     3
Throw: Boomerang         |     3 |       ||     3
 Cast: Beastly Appendage |     6 |       ||     6
 Stab: Sleeping          |     6 |     3 ||     9
  Eat: Chunk             |       |     1 ||     1
Armor: Skin              |     2 |     3 ||     5
Dodge: Dodged            |    27 |    17 ||    44

Table legend:
 A = Non-vault XP
 B = Vault XP
 C = Vault XP percentage of total XP
 D = Non-vault monster count
 E = Vault monster count
 F = Vault count percentage of total count
                 A         B        C        D         E       F
            +---------+---------+-------+---------+---------+-------
      Total |     130 |      37 |  22.2 |      44 |       1 |   2.2
            +---------+---------+-------+---------+---------+-------
        D:1 |      44 |       0 |   0.0 |      26 |       0 |   0.0
        D:2 |      16 |      37 |  69.8 |       8 |       1 |  11.1
        D:3 |      70 |       0 |   0.0 |      10 |       0 |   0.0
            +---------+---------+-------+---------+---------+-------
